 Dungeon Crawl Stone Soup version 0.28-a0-723-g095bd1b44f (webtiles) character file.

Game seed: 13643375632647081533

576 AarnesTheHuman the Skirmisher (level 7, 0/58 HPs)
             Began as a Barachi Fighter on Oct 26, 2021.
             Killed from afar by an orc wizard (1 damage)
             ... with a puff of flame
             ... on level 4 of the Dungeon.
             The game lasted 00:06:24 (2929 turns).

AarnesTheHuman the Skirmisher (Barachi Fighter)     Turns: 2929, Time: 00:06:24

Health: 0/58       AC: 11    Str: 26    XL:     7   Next: 35%
Magic:  0/7        EV: 14    Int:  8    God:
Gold:   163        SH:  0    Dex: 11    Spells: 6/6 levels left

rFire   . . .      SeeInvis .   q - +1 falchion (holy)
rCold   . . .      Faith    .   c - +0 buckler
rNeg    . . .      Spirit   +   b - +0 scale mail
rPois   .          Reflect  .   (no helmet)
rElec   .          Harm     .   l - +1 cloak
rCorr   .          Rampage  .   p - +0 pair of gloves
Will    .....                   (no boots)
Stlth   ..........              e - amulet of guardian spirit
HPRegen 0.19/turn               g - +4 ring of evasion
MPRegen 0.10/turn               h - +6 ring of strength

@: confused, slow
A: amphibious, slowness 1, strong legs 1, +LOS
a: Hop


You were on level 4 of the Dungeon.
You visited 1 branch of the dungeon, and saw 4 of its levels.

You collected 163 gold pieces.

Inventory:

Hand Weapons
 a - a +0 long sword
 q - a +1 falchion of holy wrath (weapon)
 z - a +0 hunting sling
Missiles
 j - 5 datura-tipped darts
 k - a curare-tipped dart
 o - 13 poisoned darts
Armour
 b - a +0 scale mail (worn)
 c - a +0 buckler (worn)
 l - a +1 cloak (worn)
 p - a +0 pair of gloves (worn)
 u - a +0 scale mail
 v - a +0 plate armour
Jewellery
 e - an amulet of guardian spirit (around neck)
 g - a +4 ring of evasion (left hand)
 h - a +6 ring of strength (right hand)
 m - an amulet of the acrobat
Wands
 y - a wand of acid (6)
Scrolls
 i - 3 scrolls of teleportation
 s - 3 scrolls of identify
Potions
 d - 2 potions of might
 f - 2 potions of resistance {unknown}
 n - a potion of curing {unknown}
 r - 2 potions of lignification
 t - 3 potions of attraction {unknown}


   Skills:
 + Level 6.2 Fighting
 + Level 5.6 Long Blades
 + Level 6.2 Armour
 - Level 4.0 Shields


You had 6 spell levels left.
You didn't know any spells.
Your spell library contained the following spells:

 Spells                   Type           Power      Damage    Failure   Level
 Blink                    Tloc           0%         N/A       80%         2
 Sublimation of Blood     Necr           0%         N/A       80%         2
 Lesser Beckoning         Tloc           0%         N/A       95%         3
 Petrify                  Tmut/Erth      0%         N/A       100%        4
 Irradiate                Conj/Tmut      0%         3d13      100%        5
 Manifold Assault         Tloc           0%         N/A       100%        5


Dungeon Overview and Level Annotations

Branches:
Dungeon (4/15)
 Temple: D:4-7

Altars:
Gozag
Hepliaklqana
Sif Muna
Trog


Innate Abilities, Weirdness & Mutations

You are amphibious.
You cover ground slowly.
You can hop short distances.
You have an extended range of vision and can be seen from far away.


Message History

You are confused.
The orc closely misses you. The orc hits you but does no damage.
You're too confused to move!
Something barely misses you. The orc hits you but does no damage.
The orc barely misses you.
You hit the orc.
The orc is almost dead.
You hear some strange, mumbled words.
A puff of flame appears from out of thin air!
The puff of flame hits you!
* * * LOW HITPOINT WARNING * * *
The orc hits you but does no damage. x2
You closely miss the orc.
The orc is almost dead.
Something hits you but does no damage. The orc hits you but does no damage. x2
You're too confused to move!
Something hits you but does no damage. The orc misses you.
The orc closely misses you.
You barely miss the orc.
The orc is almost dead.
You feel less confused. Something hits you but does no damage.
You block the orc's attack. The orc hits you but does no damage.
You slash the orc!
You kill the orc!
You hear some strange, mumbled words.
You are confused.
The orc barely misses you.
You hear some strange, mumbled words.
A magic dart appears from out of thin air!
The magic dart hits you but does no damage.
You hit the orc.
The orc is moderately wounded.
An orc wizard appears from thin air!
Reactivating autopickup.
The orc closely misses you.
The orc wizard hits you with a +0 dagger.
* * * LOW HITPOINT WARNING * * *
The orc hits you but does no damage. The orc wizard casts a spell at you.
The puff of flame hits you.
You die...

######### #....... ##......
###...... #....... #####.≈≈...#
#.......≈⌠≈..# ... #...†...# ...
#..o@)# #######....###...o#
.......!..........# #......
..........############### .....#
#####.....................
...###.§..?##......#####'######.#
..##...≈≈≈.?#.......# #....# #†#
......≈≈≈≈≈.#.....#.# #....####.#
..##...≈§≈.$#.....#.###.........†


You could see an orc wizard and an orc.

Vanquished Creatures
  Sigmund (D:4)
  A necrophage (D:4)
  A black bear (D:4)
  An ogre (D:4)
  A crimson imp (D:4)
  5 adders
  A white imp (D:4)
  An ufetubus (D:4)
  An adder skeleton (D:4)
  3 worms
  2 dart slugs (D:2)
  An orc (D:4)
  6 ball pythons
  7 endoplasms
  A giant cockroach (D:3)
  4 goblins
  6 hobgoblins
  8 jackals
  2 quokkas
  4 bats
  4 frilled lizards
  7 kobolds
  7 rats
75 creatures vanquished.

Notes
Turn   | Place    | Note
-------+----------+-------------------------------------------
     0 | D:1      | AarnesTheHuman the Barachi Fighter began the quest for the
                  | Orb.
     0 | D:1      | Reached XP level 1. HP: 18/18 MP: 1/1
   186 | D:1      | Reached XP level 2. HP: 25/25 MP: 2/2
   579 | D:1      | Reached XP level 3. HP: 26/30 MP: 3/3
  1249 | D:2      | Found a faded altar of an unknown god.
  1518 | D:2      | Reached XP level 4. HP: 37/37 MP: 4/4
  1822 | D:3      | Found an opulent altar of Gozag.
  1824 | D:3      | Found an opulent altar of Gozag.
  1839 | D:3      | Found an opulent altar of Gozag.
  1853 | D:3      | Found an opulent altar of Gozag.
  2004 | D:3      | Found a hazy altar of Hepliaklqana.
  2005 | D:3      | Found a bloodstained altar of Trog.
  2311 | D:4      | Noticed a necrophage
  2319 | D:4      | Killed a necrophage
  2320 | D:4      | Reached skill level 5 in Fighting
  2320 | D:4      | Reached skill level 5 in Armour
  2320 | D:4      | Reached XP level 5. HP: 44/44 MP: 5/5
  2383 | D:4      | Reached XP level 6. HP: 51/51 MP: 6/6
  2433 | D:4      | Found a shimmering blue altar of Sif Muna.
  2657 | D:4      | Noticed Sigmund
  2667 | D:4      | Killed Sigmund
  2668 | D:4      | Reached skill level 5 in Long Blades
  2696 | D:4      | Noticed a black bear
  2707 | D:4      | Killed a black bear
  2708 | D:4      | Reached XP level 7. HP: 41/58 MP: 5/7
  2928 | D:4      | HP: 1/58 [orc wizard (3)]
  2929 | D:4      | Killed from afar by an orc wizard

Illustrated notes

Levels and vault maps discovered:
D:1:      onia_arrival_handbag, layout_loops_corners, st_stairs_6
D:2:      layout_rooms, ebering_ecumenical_altar_ruins, minmay_misc_feat_five,
          serial_bayou_pond_e
D:3:      layout_basic, nicolae_gozag_conspicuous_consumption,
          mainiacjoe_overflow_divided_tiny, minivault_19
D:4:      layout_basic, mainiacjoe_overflow_cross_hatched,
          corexii_leaking_fountain, minmay_crystal_room, minmay_fire_ice_demons,
          uniq_sigmund

Skill      XL: |  1  2  3  4  5  6  7 |
---------------+----------------------+-----
Fighting       | 4 5 6 |  6.2
Armour         | 4 5 6 |  6.2
Long Blades    | 3 4 5 |  5.6
Shields        | 4 |  4.0

Action                   |  1- 3 |  4- 6 |  7- 9 || total
-------------------------+-------+-------+-------++-------
Melee: Long sword        |   103 |    11 |       ||   114
       Falchion          |       |    79 |    35 ||   114
Throw: Dart              |       |     7 |       ||     7
  Use: Scroll            |       |     6 |       ||     6
Armor: Scale mail        |    42 |    42 |    27 ||   111
Dodge: Dodged            |    70 |    65 |    29 ||   164
Block: Buckler           |    28 |    21 |    12 ||    61

Table legend: (Time is in decaauts)
 A = Elapsed time spent in this place.
 B = Non-inter-level travel time spent in this place.
 C = Inter-level travel time spent in this place.
 D = Time resting spent in this place.
 E = Time spent auto-exploring this place.
 F = Levels seen in this place.
 G = Mean time per level.
                   A        B        C        D        E       F      G
               +--------+--------+--------+--------+--------+-----+--------+
         Total |   3382 |   3264 |    118 |     37 |   2419 |   4 |  845.5 |
       Dungeon |   3382 |   3264 |    118 |     37 |   2419 |   4 |  845.5 |
               +--------+--------+--------+--------+--------+-----+--------+

Top non-repeatable levels by time:
     D:1: 1351 daAuts
     D:3: 850 daAuts
     D:4: 707 daAuts
     D:2: 473 daAuts
